Match 46761163
Unlisted

Match 46761163
End
Selects Australian Defense Battlegroup
Selects Australian Light Infantry Section
Australian Light Infantry Section
Australian Light Infantry Section
Australian Light Infantry Section
Vickers Machine Gun Team
Construct Field Infirmary
Construct Section Command Post
Construct Platoon Command Post
Unlock M3 Stuart Light Tanks
M3 Stuart Light Tank
M3 Stuart Light Tank
Light Vehicle Training
Selects 2-pounder Anti-tank Gun Team
Selects Vehicle Over Repair
6-pounder Anti-tank Gun Team
Australian Light Infantry Section
Construct Company Command Post
Selects CMP 15cwt Supply Run
Selects Reinforced Resource Caches
AI Takeover
HEINZBEANZ - 57 VARIETIES
UMirinBrah?
0
0

Comments sign in to comment!

No comments posted yet!